 Dungeon Crawl Stone Soup version 0.28.0-45-g0d030f2227 (webtiles) character file.

Game seed: 17401407536089237581

16 Descartes the Grasshopper (level 2, -15/22 HPs)
             Began as a Formicid Warper on Apr 15, 2022.
             Demolished by an ogre
             ... wielding a +0 giant club
              (20 damage)
             ... on level 1 of the Dungeon.
             The game lasted 00:02:04 (1414 turns).

Descartes the Grasshopper (Formicid Warper)         Turns: 1414, Time: 00:02:04

Health: -15/22     AC:  3    Str: 15    XL:     2   Next: 70%
Magic:  5/5        EV: 11    Int: 12    God:
Gold:   38         SH:  3    Dex: 10    Spells: 5/5 levels left

rFire   . . .      SeeInvis +   a - +0 hand axe
rCold   . . .      Faith    .   e - +0 buckler
rNeg    . . .      Spirit   .   b - +0 leather armour
rPois   .          Reflect  .   (helmet unavailable)
rElec   .          Harm     .   (no cloak)
rCorr   .          Rampage  .   (no gloves)
Will    .....                   (no boots)
Stlth   +.........              (no amulet)
HPRegen 0.07/turn               (no ring)
MPRegen 0.09/turn               (no ring)

@: no status effects
A: permanent stasis, dig shafts and tunnels, antennae 3, four strong arms
a: Dig, Shaft Self


You were on level 1 of the Dungeon.
You visited 1 branch of the dungeon, and saw 2 of its levels.

You collected 38 gold pieces.

Inventory:

Hand Weapons
 a - a +0 hand axe (weapon)
Missiles
 c - 5 boomerangs of dispersal (quivered)
 g - 54 stones
Armour
 b - a +0 leather armour (worn)
 e - a +0 buckler (worn)
Scrolls
 f - a scroll of fear {unknown}
 h - a scroll of identify {unknown}
Potions
 d - a potion of haste {unknown}
 i - a potion of attraction {unknown}


   Skills:
 - Level 2.1 Fighting
 * Level 2.4 Axes
 - Level 1.0 Throwing
 + Level 1.5 Armour
 - Level 1.7 Dodging
 + Level 0.9 Shields
 - Level 2.1 Spellcasting
 + Level 2.8 Translocations


You had 5 spell levels left.
You didn't know any spells.
Your spell library contained the following spells:

 Spells                   Type           Power      Damage    Failure   Level
 Gell's Gravitas          Tloc           8%         N/A       36%         3
 Lesser Beckoning         Tloc           8%         N/A       36%         3
 Teleport Other           Tloc           8%         N/A       36%         3
 Manifold Assault         Tloc           8%         N/A       98%         5
 Blink                    Tloc           Unusable   N/A       N/A         2

Dungeon Overview and Level Annotations

Branches:
Dungeon (2/15)

Altars:


Innate Abilities, Weirdness & Mutations

You cannot be hasted, slowed, berserked, paralysed or teleported.
You can dig through walls and to a lower floor.
You have a pair of large antennae on your head. (SInv)
Your four strong arms can wield two-handed weapons with a shield.


Message History

You barely miss the bat. The bat hits you.
You closely miss the bat. The bat hits you but does no damage.
You barely miss the bat. The bat hits you.
You hit the bat.
You kill the bat!
No target in view!
No target in view!
An ogre comes into view. It is wielding a +0 giant club.
The ogre shouts!
You hit the ogre.
The ogre is moderately wounded.
The ogre barely misses you.
You hit the ogre.
The ogre is moderately wounded.
The ogre hits you with a +0 giant club!
Ouch! That really hurt!
* * * LOW HITPOINT WARNING * * *
You see here a rat skeleton.
There is a stone staircase leading up here.
You climb upwards.
There is a stone staircase leading down here.
HP restored.
Done exploring.
You climb downwards.
There is a stone staircase leading up here.
The ogre hits you with a +0 giant club!
You climb upwards.
There is a stone staircase leading down here.
You hit the ogre.
The ogre is lightly wounded.
The ogre barely misses you.
You hit the ogre.
The ogre is lightly wounded.
The ogre hits you with a +0 giant club!
Ouch! That really hurt!
* * * LOW HITPOINT WARNING * * *
There is an open door here.
The ogre hits you with a +0 giant club!!
Ouch! That really hurt!
You die...

#...........#........#
#...........#........# ####
#...........#........# #...
#...........#........####...
#...........#...............
#...........#...............
#...........#...............
#....>......'..####.........
#.........O@#...###.........
#####.#######.#......#####'#
#.# #.#..##.## #.#
#.#######.#..##.######.#
#.......................
#########.#...#.######..
#.#.#.#.# ### #.#.#...# #
#.#.##..# #


You could see an ogre.

Vanquished Creatures
  An endoplasm (D:1)
  A hobgoblin (D:1)
  5 ball pythons
  3 bats
  4 frilled lizards (D:1)
  3 rats
17 creatures vanquished.

Notes
Turn   | Place    | Note
-------+----------+-------------------------------------------
     0 | D:1      | Descartes the Formicid Warper began the quest for the Orb.
     0 | D:1      | Reached XP level 1. HP: 16/16 MP: 3/3
   384 | D:1      | Reached XP level 2. HP: 22/22 MP: 5/5
  1111 | D:2      | Noticed an ogre
  1358 | D:1      | HP: 1/22 [ogre/+0 giant club (11)]
  1414 | D:1      | Demolished by an ogre

Illustrated notes

Levels and vault maps discovered:
D:1:      lemuel_arrival_hallway, layout_basic
D:2:      layout_basic

Action                   || total
-------------------------++-------
Melee: Hand axe          ||    63
Armor: Leather armour    ||    23
Dodge: Dodged            ||    39
Block: Buckler           ||    12
